 Dungeon Crawl Stone Soup version 0.27.1 (webtiles) character file.

Game seed: 15502447946144557176

4 Vigorix the Digger (level 1, 0/10 HPs)
             Began as a Gargoyle Earth Elementalist on Aug 26, 2021.
             Slain by an adder (2 damage)
             ... on level 2 of the Dungeon.
             The game lasted 00:00:53 (275 turns).

Vigorix the Digger (Gargoyle Earth Elementalist)     Turns: 275, Time: 00:00:54

Health: 0/10       AC:  4    Str: 11    XL:     1   Next: 70%
Magic:  0/3        EV: 11    Int: 15    God:
Gold:   24         SH:  0    Dex: 10    Spells: 3/4 levels left

rFire    . . .     SeeInvis .   e - +0 spear
rCold    . . .     Faith    .   (no shield)
rNeg     + . .     Spirit   .   b - +0 robe
rPois    ∞         Reflect  .   (no helmet)
rElec    +         Harm     .   (no cloak)
rCorr    .         Rampage  .   (no gloves)
Will     .....                  (no boots)
Stlth    ++........             (no amulet)
HPRegen  0.03/turn              (no ring)
MPRegen  0.08/turn              (no ring)

@: no status effects
A: sickness immunity, AC +2, negative energy resistance 1, electricity
resistance, torment resistance 1, petrification resistance
a: no special abilities


You were on level 2 of the Dungeon.
You visited 1 branch of the dungeon, and saw 2 of its levels.

You collected 24 gold pieces.

Inventory:

Hand Weapons
 e - a +0 spear (weapon)
Missiles
 c - 71 stones
Armour
 b - a +0 robe (worn)
Scrolls
 a - a scroll of brand weapon {unknown}
 d - a scroll of silence {unknown}


   Skills:
 - Level 1.5 Dodging
 - Level 2.1 Stealth
 + Level 2.1 Spellcasting
 - Level 0.7 Transmutations
 + Level 3.9 Earth Magic


You had 3 spell levels left.
You knew the following spells:

 Your Spells              Type           Power      Damage    Failure   Level
a - Sandblast             Erth           26%        2d8       4%          1

Your spell library contained the following spells:

 Spells                   Type           Power      Damage    Failure   Level
 Passwall                 Tmut/Erth      6%         N/A       13%         2
 Stone Arrow              Conj/Erth      14%        3d7       28%         3
 Petrify                  Tmut/Erth      8%         N/A       63%         4


Dungeon Overview and Level Annotations

Branches:
Dungeon (1/15)

Altars:


Innate Abilities, Weirdness & Mutations

You are immune to sickness and miasma.
Your stone body is resilient. (AC +2)
You are immune to poison.
You resist negative energy. (rN+)
You are resistant to electric shocks. (rElec)
You are resistant to unholy torment.
You are immune to petrification.


Message History

You see here a +0 spear.
e - a +0 spear
e - a +0 spear (weapon)
c - 74 stones (gained 22)
You fall into a shaft and drop 1 floor!
The shaft crumbles and collapses. 2 ball pythons come into view.
The blast of sand hits the ball python!
You kill the ball python!
The ball python hisses angrily.
An adder comes into view.
You miscast Sandblast.
You are very lightly contaminated with residual magic.
Nothing appears to happen.
The blast of sand hits the ball python!
You kill the ball python!
You closely miss the adder. The adder bites you. The adder closely misses you.
Your magical contamination has completely faded away.
The blast of sand misses the adder.
The adder barely misses you.
You closely miss the adder. The adder barely misses you.
You hit the adder.
The adder is moderately wounded.
The adder bites you. The adder closely misses you.
You hit the adder.
The adder is heavily wounded.
The adder barely misses you.
A quokka comes into view.
You hit the adder.
The adder is almost dead.
The adder bites you.
* * * LOW HITPOINT WARNING * * *
The adder misses you.
You miss the adder.
The adder is severely wounded.
The adder bites you.
* * * LOW HITPOINT WARNING * * *
The adder bites you but does no damage. The adder bites you.
You die...

##########
#........#
#@.......#
#S.......##
#.....†...#
#.............
#...r.....####
#.........#
#.........#
######......
.......


You could see an adder and a quokka.

Vanquished Creatures
  An endoplasm (D:1)
  2 ball pythons (D:2)
  2 frilled lizards (D:1)
5 creatures vanquished.

Notes
Turn   | Place    | Note
-------+----------+-------------------------------------------
     0 | D:1      | Vigorix the Gargoyle Earth Elementalist began the quest for
                  | the Orb.
     0 | D:1      | Reached XP level 1. HP: 10/10 MP: 3/3
   254 | D:1      | You fall into a shaft and drop 1 floor!
   275 | D:2      | Slain by an adder

Illustrated notes

Levels and vault maps discovered:
D:1:      saegor_arrival_under_anarchy, layout_basic, minmay_quantized
D:2:      layout_rooms

Action                   || total
-------------------------++-------
Melee: Spear             ||     6
 Cast: Sandblast         ||     6
Armor: Robe              ||     1
Dodge: Dodged            ||     6
